 Dungeon Crawl Stone Soup version 0.18-b1-14-g029dad2 (webtiles) character file.

5825 Gargoyl the Protected (level 10, -1/79 HPs)
             Began as a Demonspawn Abyssal Knight on Apr 30, 2016.
             Was a High Priest of Lugonu.
             Slain by a blink frog (13 damage)
             ... on level 1 of the Lair of Beasts.
             The game lasted 00:21:41 (12527 turns).

Gargoyl the Protected (Demonspawn Abyssal Knight)  Turns: 12527, Time: 00:21:42

Health: -1/79      AC: 19    Str: 20    XL:     10   Next: 51%
Magic:  11/11      EV: 13    Int: 14    God:    Lugonu [*****.]
Gold:   474        SH:  3    Dex: 18    Spells: 0 memorised, 9 levels left

rFire  + . .     SeeInvis .     I - +3 broad axe
rCold  + . .     Gourm    .     F - +0 plate armour
rNeg   . . .     Faith    .     (no shield)
rPois  +         Spirit   .     (helmet restricted)
rElec  +         Dismiss  .     r - +0 cloak
rCorr  +         Reflect  +     u - +1 pair of gloves
SustAt .         Harm     .     (no boots)
MR     .....                    C - +3 amulet of reflection
Stlth  ..........               (no ring)
                                (no ring)

@: mighty, agile, resistant, flying (expiring), very slightly contaminated, not
resistant to hostile enchantments, extremely unstealthy
A: antennae 1, rugged brown scales 1, demonic guardian 2, spiny 1
a: Depart the Abyss, Bend Space, Banish, Corrupt, Enter the Abyss, Renounce
Religion


You were on level 1 of the Lair of Beasts.
You worshipped Lugonu.
Lugonu was extremely pleased with you.
You were not hungry.

You visited 2 branches of the dungeon, and saw 9 of its levels.
You visited the Abyss 1 time.
You also visited: Sewer.

You collected 474 gold pieces.

Inventory:

Hand Weapons
 g - a +1 flail of draining
 o - a +0 spear
 I - a +3 broad axe (weapon)
Missiles
 v - 6 tomahawks (quivered)
Armour
 r - a +0 cloak (worn)
 u - a +1 pair of gloves (worn)
 F - a +0 plate armour (worn)
Jewellery
 C - a +3 amulet of reflection (around neck)
Wands
 a - a wand of random effects (48/48)
 E - a wand of digging (9/24)
Scrolls
 h - 3 scrolls of remove curse
 i - 4 scrolls of fear
 j - 3 scrolls of blinking
 l - 2 scrolls of teleportation
 t - 6 scrolls of identify
 A - 2 scrolls of fog
Potions
 b - 3 potions of haste
 d - 3 potions of lignification
 k - a potion of might
 m - a potion of curing
 n - 2 potions of berserk rage
 p - a potion of mutation {unknown}
 x - a potion of agility
 z - a potion of resistance
 D - 4 potions of flight
Books
 e - a book of Summonings

   Spells                             Type                      Level
   a - Recall                         Summoning/Translocation      3
   b - Aura of Abjuration             Summoning                    5
   c - Summon Demon                   Summoning                    5
   d - Summon Forest                  Summoning/Translocation      5
   e - Summon Mana Viper              Hexes/Summoning              5
   f - Shadow Creatures               Summoning                    6
 G - a book of Misfortune

   Spells                             Type                      Level
   a - Confusing Touch                Hexes                        2
   b - Confuse                        Hexes                        3
   c - Gell's Gravitas                Hexes/Translocation          3
   d - Petrify                        Transmutation/Earth          4
   e - Metabolic Englaciation         Hexes/Ice                    5
   f - Yara's Violent Unravelling     Hexes/Transmutation          5
Miscellaneous
 y - a plain deck of summoning {the Illusion}
Comestibles
 c - 9 bread rations
 f - a royal jelly
 q - a meat ration
 s - 2 beef jerkies
 w - 7 slices of pizza
 B - 3 chunks of flesh


   Skills:
 + Level 6.8 Fighting
 + Level 6.9(7.0) Axes
 + Level 0.5(4.3) Maces & Flails
 * Level 10.9 Armour
 + Level 3.4 Dodging
 + Level 1.9 Stealth
 + Level 2.4 Invocations


You had 9 spell levels left.
You didn't know any spells.

Dungeon Overview and Level Annotations

Branches:
Dungeon (8/15)             Temple (0/1) D:6            Lair (1/8) D:8

Altars:
Ashenzari
Cheibriados
Elyvilon
Fedhas
Nemelex Xobeh
Trog
Vehumet
Xom
The Shining One

Shops:
D:8 (


Innate Abilities, Weirdness & Mutations

You have a pair of small antennae on your head.
You are partially covered in rugged brown scales (AC +1, +3% HP).
A demonic guardian rushes to your aid.
You are partially covered in sharp spines.


Message History

The blink frog blinks!
You continue eating.
You start resting.
The blink frog blinks!
You miss the blink frog.
The blink frog is heavily wounded.
The blink frog is struck by your spines.
The blink frog barely misses you.
The blink frog hits you but does no damage.
You barely miss the blink frog.
The blink frog is heavily wounded.
The blink frog hits you.
* * * LOW HITPOINT WARNING * * *
The blink frog blinks!
You miss the blink frog.
The blink frog is heavily wounded.
You are starting to lose your buoyancy.
The blink frog is struck by your spines.
The blink frog closely misses you. The blink frog hits you!
You die...

#...# #..# #..# ... ##..###..#
#..# ..# #...#...# #..## ..#
##..##P..# #..P# ..##
#P..###..# #..## ...## ##..#
#..# #...# ..#.######...###..#
######..##
.............##†F.####.#..#..#
†..............§@............#
###.###########.###.#####P#.##
### ### ### #####


You could see a blink frog.

Vanquished Creatures
  Pikel (D:8)
  Maurice (D:8)
  A spiny frog (Lair:1)
  3 blink frogs (Lair:1)
  Sigmund (D:6)
  A human (D:8)
  A water moccasin (Lair:1)
  Duvessa (D:4)
  2 orc warriors (D:6)
  A slave (D:8)
  A necrophage (D:8)
  A phantom (D:5)
  2 ogres
  3 centaurs (D:6)
  A crocodile (Lair:1)
  4 giant frogs
  2 scorpions (D:5)
  Dowan (D:4)
  5 wights (D:6)
  5 crimson imps
  2 giant frog zombies
  3 hounds
  8 orc priests
  6 orc wizards
  4 worker ants
  6 iguanas
  Terence (D:2)
  A killer bee zombie (D:5)
  4 sheep (D:8)
  A hound skeleton (D:4)
  5 gnolls
  8 adders
  2 river rats (D:4)
  3 shadow imps
  3 adder zombies
  4 worms
  A dart slug (D:1)
  5 giant geckos
  14 orcs
  20 bats
  9 giant cockroaches
  8 goblins
  9 hobgoblins
  14 jackals
  3 kobolds
  4 quokkas
  2 ball pythons
  A giant gecko skeleton (D:6)
  4 giant newts
  A quokka skeleton (D:4)
  7 rats
201 creatures vanquished.

Vanquished Creatures (collateral kills)
  A hydra (D:8)
  A blink frog (Lair:1)
  Prince Ribbit (D:6)
  A basilisk (Lair:1)
  An orc warrior (D:6)
  An ice beast (D:8)
  A scorpion (D:5)
  An electric eel (Lair:1)
  Ijyb (D:2)
  2 gnolls (D:2)
  An adder (D:5)
  7 orcs
19 creatures vanquished.

Vanquished Creatures (others)
  3 fungi (D:5)
  2 plants (Lair:1)
5 creatures vanquished.

Grand Total: 225 creatures vanquished

Notes
Turn   | Place    | Note
--------------------------------------------------------------
     0 | Abyss:1  | Gargoyl the Demonspawn Abyssal Knight began the quest for the Orb.
     0 | Abyss:1  | Reached XP level 1. HP: 18/18 MP: 2/2
    28 | Abyss:1  | Noticed a small abomination
    45 | D:1      | Escaped the Abyss
   209 | D:1      | Reached skill level 2 in Armour
   226 | D:1      | Reached * piety under Lugonu
   226 | D:1      | Gained mutation: A weak demonic guardian rushes to your aid. [demonic ancestry]
   226 | D:1      | Reached XP level 2. HP: 18/24 MP: 3/3
   628 | D:1      | Reached skill level 1 in Dodging
  1558 | D:2      | Found a radiant altar of Vehumet.
  1611 | D:2      | Reached XP level 3. HP: 24/29 MP: 4/4
  1969 | D:2      | Noticed Terence
  1981 | D:2      | Killed Terence
  1981 | D:2      | Gained mutation: You are partially covered in rugged brown scales (AC +1, +3% HP). [demonic ancestry]
  1981 | D:2      | Reached XP level 4. HP: 18/38 MP: 5/5
  2219 | D:2      | Noticed Ijyb
  2228 | D:2      | Killed Ijyb
  2228 | D:2      | Reached skill level 3 in Armour
  2672 | D:2      | Gained mutation: You have a pair of small antennae on your head. [demonic ancestry]
  2672 | D:2      | Reached XP level 5. HP: 43/43 MP: 6/6
  3024 | D:3      | Reached ** piety under Lugonu
  3746 | D:3      | Found a sparkling altar of Nemelex Xobeh.
  3847 | D:3      | Reached XP level 6. HP: 34/49 MP: 7/7
  4650 | D:4      | Reached skill level 4 in Armour
  4695 | D:4      | Found a glowing drain.
  4721 | Sewer    | Entered a sewer
  4916 | Sewer    | Reached *** piety under Lugonu
  5739 | D:4      | Noticed Duvessa
  5739 | D:4      | Noticed Dowan
  5773 | D:4      | Killed Dowan
  5782 | D:4      | Killed Duvessa
  5782 | D:4      | Gained mutation: You are partially covered in sharp spines. [demonic ancestry]
  5782 | D:4      | Reached XP level 7. HP: 25/56 MP: 8/8
  6320 | D:5      | Entered Level 5 of the Dungeon
  6330 | D:5      | Reached skill level 5 in Armour
  6335 | D:5      | Reached skill level 1 in Stealth
  6817 | D:5      | Found a glowing golden altar of the Shining One.
  6926 | D:5      | Reached skill level 6 in Armour
  6954 | D:5      | Reached XP level 8. HP: 62/62 MP: 9/9
  7304 | D:6      | Reached **** piety under Lugonu
  7428 | D:6      | Reached skill level 5 in Fighting
  7640 | D:6      | Reached skill level 7 in Armour
  8111 | D:6      | Noticed Prince Ribbit
  8113 | D:6      | Reached skill level 5 in Axes
  8489 | D:6      | Found a staircase to the Ecumenical Temple.
  8493 | D:6      | Found a shattered altar of Ashenzari.
  8500 | D:6      | Reached skill level 8 in Armour
  8500 | D:6      | Reached XP level 9. HP: 30/70 MP: 10/10
  8622 | D:6      | Killed Prince Ribbit
  8863 | D:6      | Found a bloodstained altar of Trog.
  9345 | D:6      | Noticed Sigmund
  9356 | D:6      | Killed Sigmund
  9775 | D:7      | Found a snail-covered altar of Cheibriados.
  9779 | D:7      | Reached skill level 9 in Armour
  9884 | D:7      | Found a blossoming altar of Fedhas.
  9896 | D:7      | Found a white marble altar of Elyvilon.
 10554 | D:8      | Found Axte's Antique Weapon Shoppe.
 10597 | D:8      | Found a shimmering altar of Xom.
 10615 | D:8      | Noticed Pikel
 10634 | D:8      | Killed Pikel
 10639 | D:8      | Reached ***** piety under Lugonu
 10788 | D:8      | Found a staircase to the Lair.
 11174 | D:8      | Noticed Maurice
 11206 | D:8      | Killed Maurice
 11206 | D:8      | Reached skill level 10 in Armour
 11342 | D:8      | Gained mutation: A demonic guardian rushes to your aid. [demonic ancestry]
 11342 | D:8      | Reached XP level 10. HP: 56/78 MP: 11/11
 11575 | Lair:1   | Entered Level 1 of the Lair of Beasts
 11585 | Lair:1   | Noticed a five-headed hydra
 11606 | D:8      | Killed a five-headed hydra
 12125 | Lair:1   | Noticed a spiny frog
 12130 | Lair:1   | Killed a spiny frog
 12500 | Lair:1   | HP: 1/79 [blink frog (12)]
 12527 | Lair:1   | Slain by a blink frog

Skill      XL: |  1  2  3  4  5  6  7  8  9 |
---------------+----------------------------+-----
Armour         | 2 3 4 6 8 10 | 10.9
Dodging        | 1 2 3 |  3.4
Axes           | 2 3 4 5 6 |  6.9
Fighting       | 4 5 6 |  6.8
Stealth        | 1 |  1.9
Maces & Flails | |  0.5
Invocations    | |  2.4

Action                   |  1- 3 |  4- 6 |  7- 9 | 10-12 || total
-------------------------+-------+-------+-------+-------++-------
Melee: Hand axe          |    87 |     9 |       |       ||    96
       War axe           |       |   300 |    82 |       ||   382
       Battleaxe         |       |       |    46 |       ||    46
       Broad axe         |       |       |   133 |    35 ||   168
       Flail             |       |       |       |     8 ||     8
Invok: Depart the Abyss  |     1 |       |       |       ||     1
  Use: Potion            |     2 |     1 |       |     6 ||     9
       Scroll            |     1 |     9 |    21 |       ||    31
 Stab: Distracted        |       |     1 |     2 |       ||     3
  Eat: Chunk             |     4 |    13 |    13 |     1 ||    31
       Pizza             |       |       |     1 |       ||     1
       Meat ration       |       |       |     1 |       ||     1
       Beef jerky        |       |       |     1 |       ||     1
Armor: Scale mail        |    45 |       |       |       ||    45
       Chain mail        |       |   256 |    42 |       ||   298
       Plate armour      |       |       |   120 |    45 ||   165
Dodge: Dodged            |    63 |   158 |    77 |    21 ||   319
Block: Other             |       |    25 |    44 |     8 ||    77
       Reflection        |       |       |     2 |       ||     2
